[Event "*** Titled Tuesday Blitz"]
[Site "Chess.com"]
[Date "2021.03.02"]
[Round "1"]
[White "QuintilianoR"]
[Black "A-S-00"]
[Result "1-0"]
[WhiteElo "2724"]
[BlackElo "2391"]
[TimeControl "180+1"]
[EndTime "10:07:14 PST"]
[Termination "QuintilianoR won by resignation"]

1. d4 Nf6 2. c4 g6 3. Nf3 Bg7 4. Nc3 d6 5. e4 O-O 6. Be2 Nbd7 7. O-O e5 8. Be3 Re8 9. d5 a5 10. Nd2 h6 11. a3 Kh7 12. b4 b6 13. Qc2 Nf8 14. c5 bxc5 15. bxc5 Ng4 16. Bxg4 Bxg4 17.
Nc4 dxc5 18. Bxc5 Bc8 19. Rfd1 f5 20. f3 Nd7 21. Bf2 Nf6 22. d6 Ba6 23. Nd5 Nxd5 24. Rxd5 Bxc4 25. Qxc4 cxd6 26. Rad1 Bf8 27. Qd3 Qf6 28.
a4 Rec8 29. Bb6 f4 30. Bxa5 Ra7 31. Bb4 Rc6 32. a5 Rb7 33. Ba3 Rd7 34. Qb5 Rcc7 35. a6 Ra7 36. h3 Qe7 37. Qb6 Qe8 38. Bxd6 Bxd6 39. Rxd6 Rxd6 40. Qxa7+ 1-0

[Event "*** Titled Tuesday Blitz"]
[Site "Chess.com"]
[Date "2021.03.02"]
[Round "1"]
[White "GM_LOADING"]
[Black "lacafi"]
[Result "1-0"]
[WhiteElo "2519"]
[BlackElo "2165"]
[TimeControl "180+1"]
[EndTime "10:07:14 PST"]
[Termination "GM_LOADING won by checkmate"]

1. e4 c6 2. d4 d5 3. exd5 cxd5 4. Bd3 Nf6 5. c3 Nc6 6. h3 g6 7. Nf3 Bg7 8. O-O O-O 9. Bf4 a6 10. Nbd2 b5 11. a3 Bf5 12. Bxf5 gxf5 13. Ne1 e6 14. Nd3 a5 15. b4 axb4 16. axb4 Ne4 17. Qb3 Qh4 18.
Nf3 Qh5 19. Nc5 Kh8 20. Qc2 Rxa1 21. Rxa1 Rg8 22. Kh2 Qg6 23. Rg1 Bh6 24. Qc1 Bxf4+ 25. Qxf4 Nxc3 26. Ne5 Nxe5 27. Qxe5+ Qg7 28. Qe3 Ne4 29.
Nd3 Qf6 30. Ne5 Nd6 31. f3 f4 32. Qe2 Nc4 33. Ra1 Rf8 34. Ra7 Qh4 35. Nxf7+ Kg8 36. Qxe6 Qg3+ 37. Kh1 Ne3 38. Ng5+ Kh8 39. Rxh7# 1-0

[Event "*** Titled Tuesday Blitz"]
[Site "Chess.com"]
[Date "2021.03.02"]
[Round "1"]
[White "frederiksvane"]
[Black "Redzishchess"]
[Result "1-0"]
[WhiteElo "2682"]
[BlackElo "2359"]
[TimeControl "180+1"]
[EndTime "10:07:17 PST"]
[Termination "frederiksvane won by resignation"]

1. e4 c6 2. d4 d5 3. exd5 cxd5 4.
Bd3 Nc6 5. c3 g6 6. Nf3 Bf5 7.
Bxf5 gxf5 8. O-O e6 9. Nbd2 Nf6 10. Ne1 Bd6 11. Nd3 O-O 12. Nf3 Kh8 13. Bg5 Rg8 14.
Qe2 Be7 15. Nfe5 Qf8 16. Bxf6+ Bxf6 17. Nxc6 bxc6 18. g3 Rb8 19. b4 Qg7 20. a4 Qg4 21. Rfe1 h5 22. Qxg4 hxg4 23. Kg2 Rg6 24. h3 gxh3+ 25.
Kxh3 Kg7 26. Kg2 Rh8 27. Rh1 Rxh1 28. Rxh1 Bg5 29. Ne5 Rh6 30. Rxh6 Bxh6 31. Nxc6 Bd2 32. b5 Bxc3 33. a5 Kf8 34. b6 axb6 35. axb6 Ke8 36. b7 Kd7 37. b8=Q Kxc6 38. Qc8+ 1-0

[Event "*** Titled Tuesday Blitz"]
[Site "Chess.com"]
[Date "2021.03.02"]
[Round "1"]
[White "olksuna"]
[Black "Loy_Konstantin"]
[Result "1-0"]
[WhiteElo "2668"]
[BlackElo "2347"]
[TimeControl "180+1"]
[EndTime "10:07:18 PST"]
[Termination "olksuna won on time"]

1. e4 c5 2. Nf3 d6 3. d4 cxd4 4. Nxd4 Nf6 5. Nc3 g6 6. Be3 Bg7 7. f3 O-O 8. Qd2 Nc6 9. O-O-O Bd7 10. Kb1 Ne5 11. g4 Rc8 12. h4 Qa5 13. Nb3 Qc7 14.
Be2 b5 15. g5 b4 16. Nd5 Nxd5 17. exd5 Nc4 18. Bxc4 Qxc4 19. h5 Bf5 20. Rh2 Qb5 21. Rc1 a5 22. h6 Be5 23. Nd4 Qd7 24. f4 Bh8 25. Nc6 Rxc6 26. dxc6 Qxc6 27. Bd4 e5 28. fxe5 dxe5 29. Be3 Rc8 30. Rd1 Kf8 31. Qd6+ Qxd6 32.
Rxd6 Ke7 33. Ra6 e4 34. Rd2 Be5 35. Rxa5 f6 36. Ra7+ Ke6 37. Rxh7 1-0

[Event "*** Titled Tuesday Blitz"]
[Site "Chess.com"]
[Date "2021.03.02"]
[Round "1"]
[White "elohunter1999"]
[Black "BabyBoss31"]
[Result "1-0"]
[WhiteElo "2632"]
[BlackElo "2324"]
[TimeControl "180+1"]
[EndTime "10:07:18 PST"]
[Termination "elohunter1999 won by resignation"]

1. Nf3 d5 2. g3 g6 3. c4 c6 4. Qa4 dxc4 5. Qxc4 Nf6 6. Bg2 Bg7 7. O-O O-O 8. d3 Nbd7 9. Nc3 Nb6 10. Qh4 Nfd5 11. Bd2 Nxc3 12. bxc3 e5 13. Bg5 f6 14. Bh6 g5 15. Qh5 Qe8 16. Qxe8 Rxe8 17. Bxg7 Kxg7 18. Nd2 Bg4 19. Rfe1 Rad8 20. Rab1 f5 21. a4 Re7 22. a5 Nd5 23. Rb3 Bh5 24. Nc4 Rdd7 25. e3 f4 26. d4 exd4 27. cxd4 fxe3 28. fxe3 Bg6 29. Ne5 Rc7 30. Rc1 Nf6 31. a6 bxa6 32.
Rxc6 Rxc6 33. Nxc6 Rc7 34. Ra3 Be4 35. Bxe4 Nxe4 36.
Rxa6 Kg8 37. Kg2 Nf6 38. Kf3 Nd5 39. e4 Nb6 40. Nxa7 Rc3+ 41. Kg4 Nc4 42. Kxg5 Re3 43. e5 Nxe5 44. dxe5 Rxe5+ 45. Kf4 Rc5 46. Nc6 Rc4+ 47.
Kf5 Kg7 48. Ne5 Rc5 49. Ra7+ Kh6 50. g4 1-0

[Event "*** Titled Tuesday Blitz"]
[Site "Chess.com"]
[Date "2021.03.02"]
[Round "1"]
[White "BulletMercenary"]
[Black "Vaathi_Coming"]
[Result "0-1"]
[WhiteElo "2435"]
[BlackElo "2849"]
[TimeControl "180+1"]
[EndTime "10:07:19 PST"]
[Termination "Vaathi_Coming won by resignation"]

1. e4 g6 2. d4 Bg7 3. c3 d6 4. f4 Nf6 5. Bd3 e5 6. Nf3 Bg4 7. h3 Bxf3 8. Qxf3 Nfd7 9. fxe5 dxe5 10. O-O O-O 11. Be3 exd4 12. cxd4 Nc6 13. Qf2 Nc5 14. Rd1 Bxd4 15. Nc3 Bxe3 16. Qxe3 Qd4 17. Qxd4 Nxd4 18. Bc4 Nce6 19. Rd3 Rad8 20. Rad1 c6 21. e5 b5 22.
Bxe6 Nxe6 23. Ne4 Rxd3 24. Rxd3 Rd8 25. Rc3 Nd4 26. Kf2 Kf8 27. g4 Ke7 28. Ke3 Rd5 29. b4 Ne6 30. Rxc6 Rxe5 31. Kd3 f5 32. gxf5 gxf5 33. Nc3 f4 34. Ra6 f3 35. Rxa7+ Kf6 36.
Ne4+ Rxe4 37. Kxe4 f2 0-1

[Event "*** Titled Tuesday Blitz"]
[Site "Chess.com"]
[Date "2021.03.02"]
[Round "1"]
[White "DonPreuss"]
[Black "Mikhail_Golubev"]
[Result "0-1"]
[WhiteElo "2275"]
[BlackElo "2587"]
[TimeControl "180+1"]
[EndTime "10:07:19 PST"]
[Termination "Mikhail_Golubev won on time"]

1. d4 Nf6 2. Nc3 d5 3. e4 dxe4 4. f3 e3 5. Bxe3 Bf5 6. Nge2 e6 7. Ng3 Bg6 8. Bd3 Bd6 9. O-O O-O 10. Nce4 Nbd7 11. Nxd6 cxd6 12. f4 Nd5 13. Bc1 Bxd3 14. Qxd3 Rc8 15. c3 f5 16. Bd2 Re8 17. Rae1 N5f6 18.
c4 d5 19. c5 Ne4 20. b4 Ndf6 21. b5 Nxg3 22. Qxg3 Ne4 23. Qd3 Qf6 24. Rb1 h6 25.
Rfc1 g5 26. c6 b6 27. a4 Rc7 28. a5 bxa5 29. Bxa5 Rg7 30. c7 Rc8 31. b6 axb6 32. Rxb6 Kh7 33. Rb8 Rgg8 34. Rcb1 gxf4 35. Rxc8 Rxc8 36.
Rb8 Qh8 37. h3 Qe8 0-1

[Event "*** Titled Tuesday Blitz"]
[Site "Chess.com"]
[Date "2021.03.02"]
[Round "1"]
[White "manipun1"]
[Black "LawrenceTrent"]
[Result "1/2-1/2"]
[WhiteElo "2232"]
[BlackElo "2533"]
[TimeControl "180+1"]
[EndTime "10:07:19 PST"]
[Termination "Game drawn by repetition"]

1. e4 e5 2. Nf3 Nc6 3. Bc4 h6 4.
d3 Nf6 5. c3 g6 6. Nbd2 Bg7 7.
O-O O-O 8. Re1 d5 9. Bb3 Be6 10. h3 Qd7 11. Nf1 dxe4 12. dxe4 Qxd1 13. Bxd1 Rad8 14. Bb3 Bxb3 15. axb3 a6 16. b4 Rfe8 17. N3d2 Nh5 18. Nb3 Bf8 19. g3 Kg7 20. Ne3 Nf6 21. Nc4 Nb8 22. f3 b6 23. Be3 h5 24. h4 Ng8 25. Kf2 Kf6 26. Bg5+ Ke6 27. Bxd8 Rxd8 28. Red1 Rc8 29. Ke2 Nf6 30. Rd2 Bh6 31. Rd3 Nfd7 32. Rad1 Bf8 33. Ne3 c6 34. Nc4 b5 35. Nd6 Rc7 36.
Nc5+ Nxc5 37. bxc5 Nd7 38. b4 a5 39. Ne8 Ra7 40. Nd6 a4 41. Kd2 f5 42. Kc2 f4 43.
gxf4 exf4 44. Rg1 Ne5 45. Rdd1 Rd7 46. Rgf1 Bxd6 47. cxd6 Rxd6 48. Rxd6+ Kxd6 49. Kd2 c5 50. Ke2 c4 51. Rd1+ Nd3 52. Rg1 Ne5 53. Rg5 Ke6 54.
Rg1 Kf6 55. Rg5 Ke6 56. Rg1 Ke7 57. Rg5 Kf6 58. Rg1 Ke6 59. Rg5 Kf6 60. Rg1 Ke6 61. Rg5 Kf6 1/2-1/2

[Event "*** Titled Tuesday Blitz"]
[Site "Chess.com"]
[Date "2021.03.02"]
[Round "1"]
[White "Leo_C"]
[Black "AlexTriapishko"]
[Result "0-1"]
[WhiteElo "2417"]
[BlackElo "2809"]
[TimeControl "180+1"]
[EndTime "10:07:20 PST"]
[Termination "AlexTriapishko won by resignation"]

1. d4 Nf6 2. c4 e6 3. Nc3 Bb4 4. e3 O-O 5. Bd3 c5 6. d5 exd5 7. cxd5 d6 8. Ne2 Re8 9. O-O a6 10. a4 Nbd7 11. e4 Ne5 12. Bc2 Bd7 13. Ng3 b5 14.
axb5 axb5 15. Rxa8 Qxa8 16. Bg5 Nfg4 17. h3 h6 18. Bd2 Nf6 19. b3 Qa5 20. Qa1 Ra8 21. Qxa5 Rxa5 22. f4 Ng6 23. e5 dxe5 24. Bxg6 exf4 25.
Bxf7+ Kxf7 26. Rxf4 Ra3 27. Nge4 Rxb3 28. Nxf6 gxf6 29. Ne4 f5 30. Bxb4 Rxb4 31. Nd6+ Ke7 32. Nxf5+ Bxf5 33. Rxf5 Rd4 34. Rh5 b4 35. Rxh6 b3 36.
Rb6 c4 37. d6+ Rxd6 38. Rb4 Rc6 39. h4 Kd6 40. h5 Kc5 41. Rb8 Rb6 42. Rc8+ Kb4 43.
Rd8 b2 44. Rd1 c3 45. h6 c2 46. Rf1 Rxh6 0-1

[Event "*** Titled Tuesday Blitz"]
[Site "Chess.com"]
[Date "2021.03.02"]
[Round "1"]
[White "FCChelsea14"]
[Black "PavelChernomordik"]
[Result "1-0"]
[WhiteElo "2720"]
[BlackElo "2388"]
[TimeControl "180+1"]
[EndTime "10:07:20 PST"]
[Termination "FCChelsea14 won on time"]

1. d4 g6 2. c4 Bg7 3. Nc3 d6 4. e4 c6 5. Nf3 a6 6. Be2 b5 7. O-O Nf6 8. e5 dxe5 9. dxe5 Qxd1 10.
Rxd1 Ng4 11. Bf4 Nd7 12. e6 fxe6 13. h3 Nge5 14. Nxe5 Nxe5 15. cxb5 axb5 16. Re1 O-O 17. Bxe5 Bxe5 18. Bf3 Bd4 19. Re2 b4 20. Nb5 cxb5 21. Bxa8 e5 22. Bc6 Ba6 23. a3 b3 24. Bd5+ Kg7 25.
Bxb3 b4 26. Rd2 bxa3 27. Rxa3 Bb5 28. Bd5 Rd8 29. Be4 Rc8 30. Rc2 Rb8 31. g3 Bd7 32.
Kg2 Bf5 33. Bxf5 gxf5 34. b3 Kf6 35. Ra6+ Kf7 36. Ra5 Rxb3 37. f4 Re3 38. fxe5 Bxe5 39. Rf2 e6 40. Rf3 Re2+ 41. Rf2 Re3 42. g4 Kf6 43. Ra6 f4 44. Rf3 Re2+ 45. Kf1 Rh2 46. Ra7 h6 47. Rh7 1-0

[Event "*** Titled Tuesday Blitz"]
[Site "Chess.com"]
[Date "2021.03.02"]
[Round "1"]
[White "Piacramling"]
[Black "juancruzarias"]
[Result "0-1"]
[WhiteElo "2325"]
[BlackElo "2639"]
[TimeControl "180+1"]
[EndTime "10:07:20 PST"]
[Termination "juancruzarias won on time"]

1. d4 Nf6 2. c4 c5 3. d5 e5 4. Nc3 d6 5. e4 Nbd7 6. g3 Be7 7.
Bg2 O-O 8. Nge2 Ne8 9. O-O Rb8 10. Be3 Nc7 11. a4 b6 12. Qd3 a6 13. Rab1 b5 14.
axb5 axb5 15. cxb5 Nb6 16. f4 Bf6 17. f5 Bd7 18. Ra1 Qe8 19. Ra5 c4 20. Qc2 Nxb5 21. Nxb5 Bxb5 22. Nc3 Bd7 23. Rfa1 Qc8 24. Ra6 Bd8 25.
Qf2 Qc7 26. R1a2 Bc8 27. Ra7 Rb7 28. R7a3 Bd7 29. Ra6 Nc8 30. h3 f6 31. Kh2 Qb8 32. Ra8 Qc7 33. R8a6 Ne7 34. Ra8 Kh8 35. R8a7 Nc8 36.
Rxb7 Qxb7 37. Qe2 Bb6 38. Bxb6 Nxb6 39. Qf2 Ra8 40. Rxa8+ Nxa8 41. h4 Qb6 0-1

[Event "*** Titled Tuesday Blitz"]
[Site "Chess.com"]
[Date "2021.03.02"]
[Round "1"]
[White "johnathan113"]
[Black "semchik73"]
[Result "1-0"]
[WhiteElo "2606"]
[BlackElo "2302"]
[TimeControl "180+1"]
[EndTime "10:07:20 PST"]
[Termination "johnathan113 won by resignation"]

1. e4 Nf6 2. e5 Nd5 3. c4 Nb6 4. d4 d6 5. f4 dxe5 6. fxe5 Nc6 7. Be3 Bf5 8. Nc3 e6 9. Nf3 Bg4 10. Be2 Bxf3 11. gxf3 Qh4+ 12. Bf2 Qf4 13. Qc1 Qf5 14. Qb1 Qf4 15. Qe4 Qxe4 16. Nxe4 O-O-O 17. O-O-O Be7 18. Rhg1 g6 19. h4 h5 20. Kc2 Rd7 21. Nc5 Nxd4+ 22. Rxd4 Bxc5 23. Rxd7 Nxd7 24. Bxc5 Nxc5 25. b4 Nd7 26. f4 Rd8 27. Kc3 Nb6 28. Bd1 c6 29. a4 Kc7 30. a5 Nd7 31. Bf3 b6 32. axb6+ axb6 33. Ra1 Rb8 34. Ra7+ Rb7 35. Ra8 Nb8 36. b5 cxb5 37. cxb5 Kc8 38. Bxb7+ Kxb7 39. Ra1 Nd7 40. Rd1 Kc7 41. Kc4 Nc5 42. Re1 Kb7 43. Ra1 Kb8 44. Rd1 Kc7 45. Rd6 Ne4 46. Rc6+ Kb7 47.
Kd4 Nc5 48. Rxc5 bxc5+ 49. Kxc5 Kc7 50. b6+ Kb7 51. Kb5 Kb8 52. Kc6 Kc8 53. Kd6 Kb7 54.
Ke7 Kxb6 55. Kxf7 Kc6 56. Kxe6 Kc5 57. Kf6 1-0

[Event "*** Titled Tuesday Blitz"]
[Site "Chess.com"]
[Date "2021.03.02"]
[Round "1"]
[White "ZiggyStardust64"]
[Black "Vallek86"]
[Result "1-0"]
[WhiteElo "2625"]
[BlackElo "2318"]
[TimeControl "180+1"]
[EndTime "10:07:21 PST"]
[Termination "ZiggyStardust64 won by resignation"]

1. e4 c6 2. d4 d5 3. e5 Bf5 4. c4 e6 5. Nc3 Ne7 6. Nge2 Nd7 7.
Ng3 Bg6 8. h4 h6 9. h5 Bh7 10.
b3 Nf5 11. Nxf5 Bxf5 12. Bb2 Be7 13. Bd3 Bxd3 14. Qxd3 dxc4 15. bxc4 Nxe5 16. Qe2 Nd7 17. d5 cxd5 18. cxd5 Qb6 19. O-O O-O 20. Rfe1 Nc5 21. Rab1 Qa5 22. Ne4 Rfe8 23. Qg4 Bf8 24. Nf6+ Kh8 25.
Nxe8 Rxe8 26. Qf3 Qc7 27. Bd4 Kg8 28. Rbc1 b6 29. dxe6 fxe6 30. Be5 Bd6 31. Bxd6 Qxd6 32. Rcd1 Qc7 33. Qg4 Qf7 34. Re3 e5 35. Rd6 e4 36.
Rxh6 Qxa2 37. Rg6 Qa1+ 38. Kh2 Qe5+ 39. Rg3 Re7 40. h6 Ne6 41. Kh1 Qa1+ 42. Kh2 Qe5 43. Qh4 Nf4 44. Rxg7+ Rxg7 45. Rxg7+ 1-0

[Event "*** Titled Tuesday Blitz"]
[Site "Chess.com"]
[Date "2021.03.02"]
[Round "1"]
[White "katchesskat"]
[Black "Legendinunknown"]
[Result "0-1"]
[WhiteElo "2289"]
[BlackElo "2599"]
[TimeControl "180+1"]
[EndTime "10:07:23 PST"]
[Termination "Legendinunknown won on time"]

1. c4 Nf6 2. Nf3 g6 3. d4 Bg7 4. Nc3 O-O 5. e4 d6 6. h3 e5 7. d5 a5 8. g4 Na6 9. Bd3 Nc5 10. Bc2 c6 11. Be3 cxd5 12. Bxc5 d4 13. Bxd4 exd4 14. Nxd4 Re8 15. O-O h5 16. f3 Qb6 17. Nb5 hxg4 18.
hxg4 Bd7 19. Kg2 Rad8 20. Qd2 d5 21. exd5 Bxb5 22. Nxb5 Nxd5 23. cxd5 Qxb5 24. Be4 f5 25. gxf5 gxf5 26. Bd3 Qxd5 27. Rad1 Qc6 28. Qg5 Rd5 29. Rc1 Rc5 30. Rxc5 Qxc5 31. Bxf5 Re2+ 32. Kh3 Qd6 33.
Rg1 Qh2+ 34. Kg4 Qxg1+ 35. Kf4 Qc1+ 36. Kg4 Rg2+ 0-1

[Event "*** Titled Tuesday Blitz"]
[Site "Chess.com"]
[Date "2021.03.02"]
[Round "1"]
[White "CSB7"]
[Black "lelya96"]
[Result "1-0"]
[WhiteElo "2569"]
[BlackElo "2266"]
[TimeControl "180+1"]
[EndTime "10:07:23 PST"]
[Termination "CSB7 won by resignation"]

1. d4 d5 2. Nf3 Nf6 3. Bf4 e6 4.
e3 Be7 5. Nbd2 c5 6. c3 O-O 7.
Bd3 b6 8. Ne5 Bb7 9. Qf3 Nbd7 10. Rd1 cxd4 11. exd4 Re8 12. Qh3 Nf8 13. Bb5 N6d7 14.
Nc6 Qc8 15. Nxe7+ Rxe7 16. O-O Bc6 17. Bd3 Ng6 18. Bd6 Re8 19. Nf3 Nf6 20. Ne5 Qd8 21. Bxg6 hxg6 22. Ba3 Bb5 23. Rfe1 Ne4 24. f3 Nd6 25.
Bxd6 Qxd6 26. f4 a5 27. Re3 Qe7 28. Qg4 Qf6 29. Rh3 a4 30. a3 Kf8 31. Re1 Ke7 32.
Ree3 Qf5 33. Qg5+ Qxg5 34. fxg5 Rh8 35. Ref3 Rhf8 36. Rh7 Kd6 37. Rxg7 Be8 38. Nxf7+ Bxf7 39. Rfxf7 Rxf7 40. Rxf7 Rf8 41. Rxf8 1-0

[Event "*** Titled Tuesday Blitz"]
[Site "Chess.com"]
[Date "2021.03.02"]
[Round "1"]
[White "KetiGrant"]
[Black "heyjohnnypark"]
[Result "1-0"]
[WhiteElo "2338"]
[BlackElo "2613"]
[TimeControl "180+1"]
[EndTime "10:07:24 PST"]
[Termination "KetiGrant won by resignation"]

1. e4 c5 2. Nf3 Nf6 3. Nc3 d5 4.
exd5 Nxd5 5. Bb5+ Bd7 6. Qe2 Nb4 7. d3 Bxb5 8. Nxb5 Qd7 9. Nc3 N8c6 10. a3 Nd5 11. Nxd5 Qxd5 12. O-O e6 13. c3 Be7 14.
Be3 O-O 15. Rfd1 b5 16. b4 cxb4 17. axb4 a5 18. c4 Qh5 19. bxa5 Rxa5 20. Rxa5 Nxa5 21. h3 bxc4 22. dxc4 h6 23. Rd7 Bc5 24. Bxc5 Qxc5 25.
Ne5 Nc6 26. Nxc6 Qxc6 27. Qd3 g6 28. Qd4 Rc8 29. Rd8+ Rxd8 30. Qxd8+ Kg7 31. Qd4+ f6 32. f4 Kf7 33. Kf2 e5 34. fxe5 fxe5 35. Qd5+ Qxd5 36.
cxd5 Ke7 37. Ke3 Kd7 38. Ke4 Kd6 39. g3 h5 40. h4 Kd7 41. Kxe5 Ke7 42. d6+ Kd7 43.
Kd5 Kd8 44. Ke6 Ke8 45. Kf6 Kd7 46. Kxg6 Kxd6 47. Kxh5 1-0

[Event "*** Titled Tuesday Blitz"]
[Site "Chess.com"]
[Date "2021.03.02"]
[Round "1"]
[White "Taktikmonster"]
[Black "TorFredrikKaasen"]
[Result "0-1"]
[WhiteElo "2391"]
[BlackElo "2724"]
[TimeControl "180+1"]
[EndTime "10:07:25 PST"]
[Termination "TorFredrikKaasen won by resignation"]

1. e4 c5 2. Nf3 Nc6 3. d4 cxd4 4. Nxd4 Nf6 5. Nc3 d6 6. f3 e5 7.
Nb3 Be7 8. Be3 O-O 9. Qd2 a5 10. Bb5 Na7 11. Bd3 Be6 12. Rd1 Qd7 13. a4 Nc6 14. O-O Nb4 15. Bb5 Qc7 16. Qf2 d5 17. exd5 Nfxd5 18. Nxd5 Nxd5 19. Kh1 Nxe3 20. Qxe3 Qxc2 21.
Nd2 Qxb2 22. Qe4 Rfd8 23. Qxb7 Bb4 24. Ne4 Qb3 25. Rxd8+ Rxd8 26. Qc7 Qd5 27. Ng5 Rc8 28. Qb6 Bf5 29. Qa7 h6 30. Ne4 Ra8 31. Qc7 Rc8 32. Qa7 Bg6 33. Ng3 Qd4 34. Qb7 Rf8 35. h4 Qxh4+ 36. Kg1 Bc5+ 37. Rf2 Qxg3 0-1

[Event "*** Titled Tuesday Blitz"]
[Site "Chess.com"]
[Date "2021.03.02"]
[Round "1"]
[White "FredyMatsuura"]
[Black "rquery98"]
[Result "0-1"]
[WhiteElo "2321"]
[BlackElo "2625"]
[TimeControl "180+1"]
[EndTime "10:07:25 PST"]
[Termination "rquery98 won by resignation"]

1. d4 Nf6 2. c4 g6 3. Nc3 d5 4. Nf3 Bg7 5. e3 O-O 6. Qb3 c6 7. Bd2 e6 8. Be2 b6 9. O-O Bb7 10. a4 a5 11. cxd5 exd5 12. Ne5 Nbd7 13. f4 c5 14. Bf3 Ne4 15. Nxe4 dxe4 16. Bg4 Nxe5 17.
fxe5 cxd4 18. e6 Bd5 19. exf7+ Rxf7 20. Qb5 d3 21. Rxf7 Bxf7 22. Rc1 Bf8 23. Qe5 Qd5 24. Qf6 Bb4 25. Bc3 Bxc3 26. Qxc3 Qg5 27. h3 Qxe3+ 28.
Kh1 Rd8 29. Re1 Qd4 30. Qc7 Re8 31. Rf1 Qd5 32. Bd7 Rf8 33. Bc6 Qe6 34. Bd7 Qe7 35. Qc6 e3 36. Bg4 e2 0-1

[Event "*** Titled Tuesday Blitz"]
[Site "Chess.com"]
[Date "2021.03.02"]
[Round "1"]
[White "KeithArkell"]
[Black "rachidhuilda"]
[Result "1-0"]
[WhiteElo "2599"]
[BlackElo "2292"]
[TimeControl "180+1"]
[EndTime "10:07:25 PST"]
[Termination "KeithArkell won by resignation"]

1. d4 Nf6 2. Nf3 d5 3. c4 c6 4. Qc2 g6 5. Bf4 Bg7 6. e3 O-O 7. Nc3 h6 8. Bd3 dxc4 9. Bxc4 Nd5 10.
Be5 Bxe5 11. Nxe5 Kg7 12. O-O Nd7 13. Rad1 Qc7 14. Nxd7 Bxd7 15. Rc1 Nxc3 16. Qxc3 Kg8 17. Rfd1 Rac8 18. h3 Rfd8 19. Qc2 Bf5 20. e4 Bd7 21. b4 Qd6 22. a3 Be6 23. Be2 f5 24. Bf3 Kg7 25. d5 cxd5 26. Qb2+ Kg8 27. exf5 gxf5 28.
Rxc8 Rxc8 29. Qd4 b6 30. Bxd5 Bxd5 31. Qxd5+ Qxd5 32. Rxd5 Rc1+ 33. Kh2 Rc3 34. Rxf5 Rxa3 35. b5 Kg7 36. Re5 Kf6 37. f4 Rb3 38. h4 Rc3 39. g3 Rc5 40. g4 Rxe5 41. fxe5+ Kxe5 42. Kg3 Kf6 43. Kf4 Ke6 44. g5 hxg5+ 45. Kxg5 Kf7 46.
Kf5 e6+ 47. Ke5 Ke7 48. h5 Kf7 49. h6 Kg6 50. Kxe6 Kxh6 51. Kd6 Kg6 52. Kc6 Kf6 53.
Kb7 Ke6 54. Kxa7 Kd7 55. Kxb6 Kc8 56. Ka7 1-0

[Event "*** Titled Tuesday Blitz"]
[Site "Chess.com"]
[Date "2021.03.02"]
[Round "1"]
[White "fish7728"]
[Black "dragos420"]
[Result "0-1"]
[WhiteElo "2181"]
[BlackElo "2526"]
[TimeControl "180+1"]
[EndTime "10:07:25 PST"]
[Termination "dragos420 won on time"]

1. d4 Nf6 2. c4 e6 3. Nc3 Bb4 4. f3 c5 5. d5 O-O 6. e4 b5 7. a3 Ba5 8. Bd2 bxc4 9. Bxc4 Bb7 10. Nge2 d6 11. O-O Bxc3 12. Bxc3 exd5 13. Bxf6 Qxf6 14. Bxd5 Bxd5 15. Qxd5 Nd7 16. Nc3 Nb6 17. Qd3 Rad8 18. Rfd1 Rfe8 19. Rd2 Re5 20. Rad1 h5 21. Qa6 Qe7 22.
Nd5 Nxd5 23. Rxd5 Rb8 24. Qe2 Rxd5 25. Rxd5 Qf6 26. Rd2 Qe5 27. g3 Rb3 28. f4 Qe6 29. Qd1 Qxe4 30. Rxd6 Rxb2 31. Rd8+ Kh7 32. Qd3 Qxd3 33.
Rxd3 Rc2 34. Rd7 a5 35. Ra7 Kg6 36. Rxa5 Kf5 37. Ra7 Kg4 38. Rxf7 Kf3 39. h3 Kxg3 40. Rxg7+ Kxf4 41. h4 Ra2 42. Rg5 c4 43. Rc5 Kg3 44. Kf1 Rxa3 45. Rxc4 Ra2 46. Rb4 Rf2+ 47. Kg1 Rf5 48. Ra4 Kh3 49. Rb4 Rf3 50. Ra4 Rg3+ 51.
Kf2 Rg2+ 52. Kf3 Rg4 53. Rxg4 hxg4+ 54. Kf2 Kh2 55. h5 g3+ 56. Kf3 g2 57. h6 g1=Q 0-1

[Event "*** Titled Tuesday Blitz"]
[Site "Chess.com"]
[Date "2021.03.02"]
[Round "1"]
[White "Angry_Twin"]
[Black "2346PL"]
[Result "1-0"]
[WhiteElo "2901"]
[BlackElo "2445"]
[TimeControl "180+1"]
[EndTime "10:07:26 PST"]
[Termination "Angry_Twin won on time"]

1. e4 c5 2. Nf3 Nf6 3. e5 Nd5 4. Nc3 e6 5. Bc4 Nb6 6. Be2 Nc6 7. d3 d6 8. exd6 Bxd6 9. O-O O-O 10. Ne4 Be7 11. Be3 Nd4 12. c3 Nxe2+ 13. Qxe2 Nd7 14. Bf4 b6 15. Nd6 Ba6 16. a4 Nf6 17. Nb5 Nd5 18. Bg3 Bb7 19. d4 a6 20. Na3 cxd4 21. Nxd4 Bxa3 22.
Rxa3 Qf6 23. Rb3 Rac8 24. Rd1 Rfd8 25. h3 Nf4 26. Bxf4 Qxf4 27. Rxb6 Bd5 28. Nc6 Rd7 29. Qxa6 Re8 30. Rb4 Qg5 31. Rg4 Qh5 32. Nb4 f5 33. Rgd4 Qg5 34. Nxd5 exd5 35. Qc6 Rde7 36. Qxd5+ Kh8 37.
Qf3 h5 38. Kh2 Re2 39. Rd8 Rxd8 40. Rxd8+ Qxd8 41. Qxe2 Qd6+ 42. g3 1-0

[Event "*** Titled Tuesday Blitz"]
[Site "Chess.com"]
[Date "2021.03.02"]
[Round "1"]
[White "Msb2"]
[Black "shaheus"]
[Result "1-0"]
[WhiteElo "2887"]
[BlackElo "2443"]
[TimeControl "180+1"]
[EndTime "10:07:26 PST"]
[Termination "Msb2 won on time"]

1. d4 Nf6 2. Nf3 g6 3. Nc3 Bg7 4. e4 d6 5. Be3 O-O 6. Qd2 c6 7. Bh6 b5 8. a3 Bb7 9. h4 c5 10. h5 b4 11. axb4 cxb4 12. Ne2 Nxe4 13. Qe3 Nd7 14.
Bxg7 Kxg7 15. hxg6 Ndf6 16. Qh6+ Kg8 17. gxh7+ Kh8 18.
Qh4 Qc7 19. Rc1 a5 20. Nf4 a4 21. Bd3 a3 22. O-O axb2 23. Rb1 Nc3 24. Rxb2 Bxf3 25.
gxf3 Ncd5 26. Re1 Nxf4 27. Qxf4 Ra5 28. Rxb4 Qc3 29. Rxe7 Nxh7 30. Bxh7 Kxh7 31. Rxf7+ Rxf7 32. Qxf7+ Kh6 33. Qf6+ Kh5 34. Rb1 Rg5+ 35. Kh1 Qd2 36. Rg1 Rxg1+ 37. Kxg1 Qxc2 38. Qxd6 1-0

[Event "*** Titled Tuesday Blitz"]
[Site "Chess.com"]
[Date "2021.03.02"]
[Round "1"]
[White "SlavenPastar"]
[Black "dosto07"]
[Result "0-1"]
[WhiteElo "2601"]
[BlackElo "2330"]
[TimeControl "180+1"]
[EndTime "10:07:26 PST"]
[Termination "dosto07 won on time"]

1. d4 d5 2. Nf3 Nf6 3. Bf4 c5 4. e3 Nc6 5. c3 Qb6 6. Qc1 Bf5 7. Nbd2 e6 8. Be2 Be7 9. O-O h6 10. h3 O-O 11. Re1 Rac8 12. Ne5 cxd4 13. Nxc6 bxc6 14. exd4 c5 15. Nf3 Ne4 16. Be3 Rb8 17. Ne5 Rfd8 18. b3 Rbc8 19. Qb2 cxd4 20. cxd4 Bb4 21. Rec1 Bc3 22.
Rxc3 Nxc3 23. Bd3 Bxd3 24. Nxd3 Ne4 25. Rc1 Qb5 26. Nc5 a5 27. a4 Qb4 28. f3 Nd6 29. Qc3 Qxc3 30. Rxc3 Nf5 31. f4 Rxc5 32. dxc5 d4 33.
Bxd4 Nxd4 34. Kf2 Nc6 35. g4 Rb8 36. Ke3 Kf8 37. Rd3 Ke7 38. Kd2 f6 39. Kc3 e5 40.
fxe5 fxe5 0-1

[Event "*** Titled Tuesday Blitz"]
[Site "Chess.com"]
[Date "2021.03.02"]
[Round "1"]
[White "j_coca"]
[Black "Gurvich_Vitaly"]
[Result "1-0"]
[WhiteElo "2310"]
[BlackElo "2577"]
[TimeControl "180+1"]
[EndTime "10:07:26 PST"]
[Termination "j_coca won by resignation"]

1. f4 d5 2. Nf3 Bg4 3. e3 Nf6 4. d4 e6 5. Bd3 c5 6. c3 Nc6 7. O-O Bd6 8. h3 Bxf3 9. Qxf3 h5 10. Nd2 Rc8 11. Rf2 h4 12. a3 Ne7 13. b4 cxd4 14.
cxd4 Nf5 15. Bb2 Ke7 16. Re1 Qb6 17. Nb3 Ng3 18. Nc5 Qc7 19. e4 Bxc5 20. dxc5 Nfxe4 21. Bxe4 Nxe4 22. Rfe2 f5 23. Bxg7 Rh7 24. Be5 Qc6 25.
Kh2 Rg8 26. Qd3 Rg3 27. Re3 Kf7 28. R1e2 Rh6 29. Rxg3 hxg3+ 30. Kg1 Qa4 31. Rc2 Rg6 32. Bd6 Rg8 33. Rc1 Rc8 34. Be5 a5 35. Rb1 axb4 36. Rxb4 Qa7 37. Bd4 Nxc5 38. Qxg3 Rg8 39. Qe3 b6 40. Qe5 Qxa3 41. Qf6+ Ke8 42. Bxc5 Qc1+ 43. Kh2 Qxc5 44. Qxe6+ Kf8 45. Rxb6 Rxg2+ 46. Kxg2 Qc2+ 47.
Kg3 Qc3+ 48. Kh4 1-0